General information
- name: BNet
- type: Ladder team game (AT/RT)
- host: Battle.net
- saver: relaxingw4r3fun
map: DragonFalls
- players: 8
- length: 19:17
- speed: Fast
- version: 1.27 W3XP
- replay type: Public
» download(127 KB)
Players
team 1 (winner)

»
LittleBoPeep (
red | 69 APM | 1195 actions | 17:16)
3 Demon Hunter
1 Evasion
2 Mana Burn
» actions
| Assign group hotkey | 23 | |
| Basic commands | 120 | |
| Build / train | 70 | |
| ESC pressed | 2 | |
| Enter build submenu | 26 | |
| Enter hero's abilities submenu | 3 | |
| Right click | 354 | |
| Select / deselect | 274 | |
| Select group hotkey | 274 | |
| Use ability | 49 | |
1195 total
» units
| Wisp | 27 | |
| Archer | 22 | |
| Druid of the Talon | 7 | |
| Chimaera | 4 | |
60 total
» upgrades
| Strength of the Wild | 1 | |
| Reinforced Hides | 1 | |
| Ultravision | 1 | |
| Improved Bows | 1 | |
4 total
» buildings
| Altar of Elders | 1 | |
| Moon Well | 9 | |
| Tree of Life | 1 | |
| Ancient of War | 5 | |
| Tree of Ages | 1 | |
| Hunter's Hall | 2 | |
| Tree of Eternity | 1 | |
| Ancient of Wind | 1 | |
| Chimaera Roost | 3 | |
24 total
» build order
00:10 Altar of Elders
00:19 Moon Well
02:06 Tree of Life
02:24 Moon Well
02:29 Ancient of War
02:38 Ancient of War
02:41 Moon Well
03:50 Tree of Ages
04:22 Hunter's Hall
04:28 Hunter's Hall
07:29 Tree of Eternity
07:32 Ancient of Wind
10:23 Moon Well
10:35 Moon Well
10:37 Ancient of War
10:41 Ancient of War
13:34 Ancient of War
13:40 Chimaera Roost
13:43 Chimaera Roost
13:56 Chimaera Roost
15:11 Moon Well
15:13 Moon Well
15:31 Moon Well
15:51 Moon Well

»
WhlPzNCHalNS (
yellow | 47 APM | 315 actions | 06:39)
2 Priestess of the Moon
1 Searing Arrows
1 Trueshot Aura
» actions
| Assign group hotkey | 13 | |
| Build / train | 27 | |
| Enter build submenu | 8 | |
| Enter hero's abilities submenu | 2 | |
| Right click | 123 | |
| Select / deselect | 74 | |
| Select group hotkey | 48 | |
| Use ability | 20 | |
315 total
» units
» buildings
| Moon Well | 3 | |
| Altar of Elders | 1 | |
| Ancient of War | 1 | |
| Ancient of Wonders | 1 | |
| Tree of Life | 2 | |
| Tree of Ages | 1 | |
9 total
» build order
00:22 Moon Well
00:34 Altar of Elders
00:53 Ancient of War
01:42 Moon Well
02:01 Moon Well
02:13 Ancient of Wonders
03:58 Tree of Life
04:04 Tree of Life
04:43 Tree of Ages
ShrektIsNewBlak (
green | 71 APM | 1363 actions | 19:17)
6 Blademaster
3 Wind Walk
2 Critical Strike
1 Bladestorm
» actions
| Assign group hotkey | 39 | |
| Basic commands | 21 | |
| Build / train | 45 | |
| Enter build submenu | 40 | |
| Enter hero's abilities submenu | 6 | |
| Give item / drop item | 1 | |
| Right click | 765 | |
| Select / deselect | 223 | |
| Select group hotkey | 104 | |
| Use ability | 119 | |
1363 total
» units
| Peon | 18 | |
| Grunt | 4 | |
| Goblin Shredder | 1 | |
| Goblin Zeppelin | 1 | |
24 total
» upgrades
» buildings
| Orc Burrow | 4 | |
| Altar of Storms | 1 | |
| Barracks | 1 | |
| War Mill | 3 | |
| Voodoo Lounge | 1 | |
| Stronghold | 1 | |
| Watch Tower | 26 | |
| Great Hall | 3 | |
| Fortress | 1 | |
41 total
» build order
00:19 Orc Burrow
00:53 Altar of Storms
01:05 Barracks
01:17 Orc Burrow
02:04 War Mill
03:10 Voodoo Lounge
04:08 Orc Burrow
04:39 Stronghold
04:41 Watch Tower
04:42 Watch Tower
04:44 Watch Tower
05:16 Great Hall
05:25 Great Hall
06:10 Orc Burrow
09:51 Watch Tower
10:33 Watch Tower
10:49 Watch Tower
11:43 Watch Tower
12:09 Watch Tower
12:12 Fortress
13:29 Watch Tower
13:29 Watch Tower
13:29 Watch Tower
13:30 Watch Tower
14:18 Watch Tower
14:28 Watch Tower
14:28 Watch Tower
14:29 Watch Tower
14:29 Watch Tower
14:29 Watch Tower
14:44 War Mill
15:42 Watch Tower
16:01 Watch Tower
16:14 Watch Tower
16:38 War Mill
16:48 Watch Tower
16:49 Watch Tower
16:49 Watch Tower
16:52 Watch Tower
18:47 Great Hall
» items
| Healing Salve | 2 | |
| Lesser Clarity Potion | 2 | |
| Potion of Healing | 1 | |
| Potion of Mana | 3 | |
| Boots of Speed | 1 | |
| Staff of Teleportation | 1 | |
| Periapt of Vitality | 1 | |
11 total

»
adamktraining (
teal | 91 APM | 601 actions | 06:37)
2 Blademaster
1 Wind Walk
1 Critical Strike
» actions
| Basic commands | 19 | |
| Build / train | 18 | |
| Enter build submenu | 9 | |
| Enter hero's abilities submenu | 2 | |
| Right click | 457 | |
| Select / deselect | 77 | |
| Use ability | 19 | |
601 total
» units
» buildings
| Altar of Storms | 1 | |
| Orc Burrow | 4 | |
| Barracks | 1 | |
| War Mill | 1 | |
| Voodoo Lounge | 1 | |
| Stronghold | 1 | |
| Fortress | 1 | |
10 total
» build order
00:03 Altar of Storms
00:05 Orc Burrow
01:04 Barracks
01:45 Orc Burrow
02:19 War Mill
02:28 Orc Burrow
02:43 Voodoo Lounge
03:45 Stronghold
04:16 Orc Burrow
06:36 Fortress
» items
| Healing Salve | 1 | |
| Lesser Clarity Potion | 1 | |
2 total
team 2 (loser)
ecupirate (
purple | 31 APM | 581 actions | 18:33)
6 Blademaster
2 Wind Walk
3 Critical Strike
1 Bladestorm
» actions
| Build / train | 39 | |
| Enter build submenu | 16 | |
| Enter hero's abilities submenu | 6 | |
| Give item / drop item | 2 | |
| Right click | 319 | |
| Select / deselect | 164 | |
| Use ability | 35 | |
581 total
» units
| Peon | 10 | |
| Troll Batrider | 8 | |
| Wind Rider | 1 | |
19 total
» upgrades
| Ranged Weapons | 1 | |
| Liquid Fire | 1 | |
| Reinforced Defenses | 1 | |
| Armor | 1 | |
4 total
» buildings
| Orc Burrow | 4 | |
| War Mill | 1 | |
| Altar of Storms | 1 | |
| Voodoo Lounge | 1 | |
| Stronghold | 1 | |
| Fortress | 1 | |
| Beastiary | 3 | |
| Great Hall | 3 | |
| Watch Tower | 2 | |
17 total
» build order
00:22 Orc Burrow
00:47 War Mill
01:16 Altar of Storms
01:30 Voodoo Lounge
01:55 Orc Burrow
02:40 Stronghold
03:30 Orc Burrow
05:07 Fortress
05:11 Beastiary
05:14 Beastiary
05:18 Beastiary
06:35 Orc Burrow
17:46 Great Hall
17:52 Great Hall
18:08 Great Hall
18:17 Watch Tower
18:19 Watch Tower
» items
| Healing Salve | 2 | |
| Lesser Clarity Potion | 2 | |
| Orb of Lightning | 1 | |
5 total
NLG (
orange | 81 APM | 1459 actions | 18:04)
4 Goblin Tinker
2 Pocket Factory
2 Engineering Upgrade
3 Beastmaster
1 Summon Quilbeast
2 Summon Hawk
2 Demon Hunter
1 Mana Burn
1 Evasion
» actions
| Assign group hotkey | 21 | |
| Basic commands | 100 | |
| Build / train | 57 | |
| ESC pressed | 2 | |
| Enter build submenu | 14 | |
| Enter hero's abilities submenu | 9 | |
| Give item / drop item | 4 | |
| Right click | 380 | |
| Select / deselect | 348 | |
| Select group hotkey | 436 | |
| Use ability | 88 | |
1459 total
» units
| Wisp | 10 | |
| Archer | 8 | |
| Faerie Dragon | 2 | |
20 total
» upgrades
| Ultravision | 1 | |
| Strength of the Wild | 1 | |
| Well Spring | 1 | |
3 total
» buildings
| Moon Well | 5 | |
| Ancient of War | 1 | |
| Altar of Elders | 1 | |
| Tree of Ages | 1 | |
| Hunter's Hall | 1 | |
| Tree of Eternity | 2 | |
| Ancient of Wonders | 1 | |
| Ancient of Wind | 2 | |
| Tree of Life | 2 | |
16 total
» build order
00:19 Moon Well
00:47 Ancient of War
01:00 Altar of Elders
01:14 Moon Well
02:42 Tree of Ages
03:38 Hunter's Hall
03:42 Moon Well
04:11 Moon Well
05:26 Tree of Eternity
06:57 Ancient of Wonders
07:24 Ancient of Wind
07:26 Ancient of Wind
10:41 Tree of Life
13:26 Tree of Life
13:50 Moon Well
» items
| Boots of Speed | 3 | |
| Periapt of Vitality | 3 | |
| Circlet of Nobility | 4 | |
| Staff of Teleportation | 3 | |
| Orb of Venom | 1 | |
| Orb of Lightning | 1 | |
| Staff of Preservation | 1 | |
| Orb of Corruption | 1 | |
17 total
relaxingw4r3fun (
blue | 87 APM | 1669 actions | 19:17)
5 Archmage
2 Summon Water Elemental
2 Brilliance Aura
1 Blizzard
» actions
| Assign group hotkey | 133 | |
| Basic commands | 41 | |
| Build / train | 126 | |
| Enter build submenu | 37 | |
| Enter hero's abilities submenu | 5 | |
| Give item / drop item | 4 | |
| Right click | 362 | |
| Select / deselect | 245 | |
| Select group hotkey | 625 | |
| Use ability | 91 | |
1669 total
» units
| Peasant | 13 | |
| Footman | 7 | |
| Goblin Zeppelin | 5 | |
| Goblin Shredder | 4 | |
| Gryphon Rider | 6 | |
| Green Dragon | 1 | |
36 total
» upgrades
| Masonry | 3 | |
| Swords | 3 | |
| Armor | 3 | |
| Animal War Training | 1 | |
| Lumber Harvesting | 1 | |
| Storm Hammers | 1 | |
| Cloud | 1 | |
13 total
» buildings
| Altar of Kings | 1 | |
| Barracks | 1 | |
| Farm | 10 | |
| Arcane Vault | 1 | |
| Lumber Mill | 1 | |
| Scout Tower | 15 | |
| Arcane Tower | 5 | |
| Town Hall | 1 | |
| Keep | 3 | |
| Blacksmith | 1 | |
| Castle | 3 | |
| Gryphon Aviary | 4 | |
| Guard Tower | 26 | |
72 total
» build order
01:09 Altar of Kings
01:10 Barracks
01:13 Farm
01:15 Farm
01:29 Farm
01:52 Arcane Vault
01:56 Lumber Mill
02:24 Farm
03:07 Scout Tower
03:39 Arcane Tower
03:39 Arcane Tower
03:40 Arcane Tower
04:44 Town Hall
04:47 Scout Tower
05:00 Keep
05:00 Keep
05:38 Blacksmith
05:48 Arcane Tower
07:21 Castle
07:21 Castle
07:48 Gryphon Aviary
07:51 Gryphon Aviary
08:00 Gryphon Aviary
08:05 Gryphon Aviary
08:08 Scout Tower
09:50 Guard Tower
09:50 Guard Tower
09:50 Guard Tower
10:16 Farm
10:17 Farm
10:52 Farm
11:53 Farm
11:54 Farm
12:04 Scout Tower
12:05 Scout Tower
12:07 Scout Tower
12:09 Scout Tower
12:15 Scout Tower
12:16 Scout Tower
12:17 Scout Tower
12:18 Scout Tower
12:19 Scout Tower
12:25 Scout Tower
12:34 Guard Tower
12:34 Guard Tower
12:34 Guard Tower
12:42 Guard Tower
12:43 Guard Tower
12:43 Guard Tower
12:43 Guard Tower
12:43 Guard Tower
12:46 Guard Tower
12:46 Guard Tower
12:46 Guard Tower
12:54 Guard Tower
12:54 Guard Tower
12:55 Guard Tower
13:11 Guard Tower
13:13 Guard Tower
13:50 Farm
13:56 Scout Tower
13:58 Scout Tower
14:33 Guard Tower
14:34 Guard Tower
14:34 Guard Tower
14:39 Guard Tower
14:39 Guard Tower
» items
| Mechanical Critter | 5 | |
| Scroll of Regeneration | 3 | |
| Potion of Invisibility | 2 | |
| Tome of Retraining | 1 | |
| Periapt of Vitality | 1 | |
| Staff of Teleportation | 1 | |
| Potion of Lesser Invulnerability | 1 | |
| Scroll of Town Portal | 1 | |
15 total

»
gold.me.or (
pink | 76 APM | 1386 actions | 18:11)
4 Death Knight
2 Death Coil
2 Unholy Aura
2 Lich
1 Frost Nova
1 Frost Armor
2 Crypt Lord
1 Impale
1 Spiked Carapace
» actions
| Assign group hotkey | 83 | |
| Basic commands | 32 | |
| Build / train | 58 | |
| Enter build submenu | 12 | |
| Enter hero's abilities submenu | 8 | |
| Give item / drop item | 2 | |
| Remove unit from queue | 1 | |
| Right click | 510 | |
| Select / deselect | 274 | |
| Select group hotkey | 315 | |
| Use ability | 91 | |
1386 total
» units
| Acolyte | 2 | |
| Ghoul | 8 | |
| Crypt Fiend | 10 | |
| Obsidian Statue | 3 | |
| Abomination | 2 | |
25 total
» upgrades
| Web | 1 | |
| Burrow | 1 | |
| Creature Attack | 3 | |
| Destroyer Form | 1 | |
| Creature Carapace | 3 | |
9 total
» buildings
| Crypt | 4 | |
| Graveyard | 1 | |
| Ziggurat | 4 | |
| Altar of Darkness | 1 | |
| Tomb of Relics | 1 | |
| Nerubian Tower | 1 | |
| Halls of the Dead | 3 | |
| Black Citadel | 1 | |
| Slaughterhouse | 1 | |
17 total
» build order
00:04 Crypt
00:22 Graveyard
00:43 Ziggurat
00:58 Altar of Darkness
01:29 Ziggurat
01:58 Tomb of Relics
02:55 Nerubian Tower
04:16 Halls of the Dead
04:17 Halls of the Dead
04:59 Ziggurat
06:39 Black Citadel
07:06 Slaughterhouse
07:12 Ziggurat
17:45 Crypt
17:47 Crypt
17:48 Crypt
» items
| Dust of Appearance | 1 | |
| Rod of Necromancy | 2 | |
| Sacrificial Skull | 1 | |
| Lesser Clarity Potion | 1 | |
| Scroll of Regeneration | 1 | |
6 total
Chat log
(03:08 / All) ecupirate: dat nigga teching
(03:40 / Allies) ecupirate: we should hit him
(03:49 / All) gold.me.or: tp lvl 1
(05:16 / Allies) relaxingw4r3fun: what you going purp
(05:24 / Allies) ecupirate: air
(06:15 / All) ShrektIsNewBlak: stupid fucking cunt
(06:37 / All) relaxingw4r3fun: get the fuck outta my game lagging pos
(08:48 / Allies) gold.me.or: go
(08:50 / Allies) gold.me.or: finish
(08:59 / Allies) ecupirate: 1 more bat and i hit yello
(11:07 / Allies) relaxingw4r3fun: wood me if you can
(11:20 / Allies) relaxingw4r3fun: ty
(12:45 / All) LittleBoPeep: go away
(12:49 / All) LittleBoPeep: just go
(12:52 / All) gold.me.or: NO
(12:57 / All) LittleBoPeep: your a bully
(13:03 / Allies) relaxingw4r3fun: share lumber purp
(13:05 / All) LittleBoPeep: this is my safe space
(13:05 / Allies) relaxingw4r3fun: 1.5k
(13:09 / Allies) relaxingw4r3fun: and I really need
(13:17 / All) LittleBoPeep: just go boonziggy on out
(13:23 / Allies) relaxingw4r3fun: share some lumber fellas
(13:32 / Allies) relaxingw4r3fun: ty
(15:42 / All) gold.me.or: leave
(16:22 / All) ShrektIsNewBlak: Better hope you're never on my team orange instant tk
(16:33 / All) NLG: ...why me
(17:23 / All) gold.me.or: Waste time green
(17:26 / Allies) NLG: lol
(17:56 / All) NLG: ...omg
(17:58 / All) NLG: its gg
(18:00 / All) NLG: wp
(18:02 / All) NLG: gg
(18:03 / All) NLG: wp
(18:08 / All) gold.me.or: gg
(18:13 / All) ShrektIsNewBlak: lawl
(18:14 / All) relaxingw4r3fun: wtf
(18:18 / All) relaxingw4r3fun: are these faggots really giving up this easy
(18:32 / All) ShrektIsNewBlak: I was crioppled all game and had two leavers lawl
(18:35 / All) relaxingw4r3fun: wow
(18:38 / All) relaxingw4r3fun: they all left instantly
(18:43 / All) ShrektIsNewBlak: orange lose
(18:48 / All) relaxingw4r3fun: jesus
(18:56 / All) relaxingw4r3fun: I didn't want to search a new one after you dropped last game
(19:01 / All) relaxingw4r3fun: and figured maybe we get lucky with my team's chat
(19:06 / All) relaxingw4r3fun: but no, they fucking instantly quit
(19:10 / All) relaxingw4r3fun: this is really not our night
(19:11 / All) ShrektIsNewBlak: if orange had kept hitting my base they'd have won